AoeStats
← POPLAR

Arabia

509206958Analyzed
1v1 RM · 6d ago on Sep 25, 2026· 16m 40s· 2 players
Game mode
Random Map
Map size
Tiny (2 player)
Population
200
Speed
Normal
Resources
Standard
Victory
Conquest
Starting age
Dark Age
Ending age
Imperial Age
RankedLock teamsTeams togetherTeam positionsShared explorationLock speedFull tech treeHidden civsTurbo modeCheats
Victory
Defeat
🇫🇷 Tatars · France
972
+17
🇨🇱 Franks · Chile
1000
-51
eldoche
11:12 Feudal Age
9:30 Loom
11:19 Feudal Age
12:27 Double-Bit Axe
16:14 Castle Age
16:11 Fletching
16:24 Horse Collar
POPLAR
11:40 Feudal Age
12:52 Double-Bit Axe
14:52 Wheelbarrow
Connection lost

Rejoining the realm…

Still unreachable

The connection could not be restored.

Session expired

The server has moved on; the page needs a fresh start.